 Dungeon Crawl Stone Soup version 0.29-a0-8-g0446c0dae4 (webtiles) character file.

Game seed: 13968122195308749877

24 gruber the Conjurer (level 2, -1/20 HPs)
             Began as a Draconian Conjurer on Jan 27, 2022.
             Slain by Terence (5 damage)
             ... on level 2 of the Dungeon.
             The game lasted 00:01:27 (1764 turns).

gruber the Conjurer (Draconian Conjurer)            Turns: 1764, Time: 00:01:28

Health: -1/20      AC:  4    Str:  9    XL:     2   Next: 79%
Magic:  1/5        EV: 12    Int: 18    God:
Gold:   135        SH:  0    Dex:  9    Spells: 4/5 levels left

rFire   . . .      SeeInvis .   e - +0 hand axe (drain)
rCold   . . .      Faith    .   (no shield)
rNeg    . . .      Spirit   .   (armour unavailable)
rPois   .          Reflect  .   (helmet restricted)
rElec   .          Harm     .   (no cloak)
rCorr   .          Rampage  .   (no gloves)
Will    .....                   (no boots)
Stlth   ++........              (no amulet)
HPRegen 0.06/turn               (no ring)
MPRegen 0.09/turn               (no ring)

@: lethally poisoned (-1 -> -11)
A: AC +4, unfitting armour, cold-blooded
a: no special abilities


You were on level 2 of the Dungeon.
You visited 1 branch of the dungeon, and saw 2 of its levels.

You collected 135 gold pieces.

Inventory:

Hand Weapons
 e - a +0 hand axe of draining (weapon)
Scrolls
 b - 2 scrolls of vulnerability {unknown}
 f - 2 scrolls of enchant weapon {unknown}
 g - a scroll of identify {unknown}
 h - 3 scrolls of brand weapon {unknown}
 i - a scroll of blinking {unknown}
Potions
 a - a potion of might {unknown}
 c - 2 potions of heal wounds
 d - a potion of degeneration {unknown}


   Skills:
 - Level 1.7 Dodging
 - Level 1.7 Stealth
 - Level 2.0 Spellcasting
 * Level 4.9 Conjurations


You had 4 spell levels left.
You knew the following spells:

 Your Spells              Type           Power      Damage    Failure   Level
a - Magic Dart            Conj           76%        1d6       2%          1

Your spell library contained the following spells:

 Spells                   Type           Power      Damage    Failure   Level
 Searing Ray              Conj           38%        2d5       3%          2
 Dazzling Flash           Conj/Hex       20%        N/A       21%         3
 Sublimation of Blood     Necr           1%         N/A       26%         2
 Wereblood                Tmut           1%         N/A       26%         2
 Ignite Poison            Fire/Tmut/Pois 1%         N/A       47%         3
 Fulminant Prism          Conj/Hex       5%         3d7       54%         4
 Iskenderun's Mystic Bla  Conj/Tloc      10%        2d4       54%         4
 Olgreb's Toxic Radiance  Pois           1%         N/A       87%         4
 Irradiate                Conj/Tmut      5%         3d15      88%         5
 Yara's Violent Unravell  Hex/Tmut       0%         3d3       99%         5
 Summon Hydra             Summ           0%         N/A       100%        7


Dungeon Overview and Level Annotations

Branches:
Dungeon (2/15)

Altars:

Shops:
D:1 *

Annotations:
D:2 Terence


Innate Abilities, Weirdness & Mutations

Your plain brown scales are hard. (AC +4)
You cannot fit into any form of body armour.
You are cold-blooded and may be slowed by cold attacks.


Message History

You now have 121 gold pieces (gained 6).
i - a scroll labelled DIVAFF BUPIAD You now have 135 gold pieces (gained 14).
b - 2 scrolls labelled VOASEP ODGHU (gained 1)
You see here 20 arrows.
Things that are here:
a +0 short sword; 3 stones Terence the Incautious comes into view.
He is wielding a +1 flail of venom.
Terence is nearby!
Terence is nearby!
Terence is nearby!
The magic dart hits Terence but does no damage.
Terence shouts!
The magic dart hits Terence but does no damage.
The magic dart hits Terence but does no damage.
The magic dart hits Terence.
Terence is lightly wounded.
Terence asks, "Do you want it fast or slow?"
The magic dart hits Terence.
Terence is moderately wounded.
You are too depleted to draw on your mana recklessly!
Terence closely misses you.
You hit Terence but do no damage. You drain Terence. You tail-slap Terence.
Terence is heavily wounded.
Terence misses you.
Terence hits you with a +1 flail of venom.
You hit Terence but do no damage. You drain Terence.
Terence is severely wounded.
Terence drinks a potion.
Terence is healed!
You closely miss Terence.
Terence hits you with a +1 flail of venom.
You are lethally poisoned!
You are too injured to fight recklessly!
You are too injured to fight recklessly!
Unknown command.
You barely miss Terence.
* * * LOW HITPOINT WARNING * * *
You feel very sick.
Terence hits you with a +1 flail of venom.
You die...

#.. #.# #.# #.# #.#
#.# #.# ########.#
#.#
####........####.#
..[..........>##.#
####.##.#####.##@###
## #^##.#####...@..#
.# #.#.............#
.# #.#.†######.....#
.###.#..# #.....#
..##.#..# #.)...#
#.##.#..# #.....#
#..#.#..######.....#
##.#.#.......#.....#
#.#.##.####.###.###


You could see Terence (drained).

Vanquished Creatures
  A dart slug (D:2)
  3 bats
  3 endoplasms
  A giant cockroach (D:2)
  2 goblins (D:1)
  A hobgoblin (D:1)
  2 quokkas (D:2)
  2 ball pythons
  A frilled lizard (D:1)
  2 kobolds
  3 rats
21 creatures vanquished.

Notes
Turn   | Place    | Note
-------+----------+-------------------------------------------
     0 | D:1      | gruber the Draconian Conjurer began the quest for the Orb.
     0 | D:1      | Reached XP level 1. HP: 14/14 MP: 3/3
   379 | D:1      | Got the Papyrus of Toxins and Changing
   511 | D:1      | Found a faded altar of an unknown god.
   536 | D:1      | Reached XP level 2. HP: 20/20 MP: 1/5
   966 | D:1      | Found Doskyutz's General Store.
  1754 | D:2      | Noticed Terence
  1764 | D:2      | Slain by Terence

Illustrated notes

Levels and vault maps discovered:
D:1:      dpeg_arrival_three_same_balls, layout_loops_corners, serial_shops,
          nicolae_shop_hallway_plus, ebering_ecumenical_altar_webs
D:2:      layout_basic, uniq_terence

Action                   || total
-------------------------++-------
Melee: Unarmed           ||     8
       Hand axe          ||    11
       Tailslap          ||     2
 Cast: Magic Dart        ||    43
Armor: Skin              ||     5
Dodge: Dodged            ||    17

Table legend: (Time is in decaauts)
 A = Elapsed time spent in this place.
 B = Non-inter-level travel time spent in this place.
 C = Inter-level travel time spent in this place.
 D = Time resting spent in this place.
 E = Time spent auto-exploring this place.
 F = Levels seen in this place.
 G = Mean time per level.
                   A        B        C        D        E       F      G
               +--------+--------+--------+--------+--------+-----+--------+
         Total |   1766 |   1758 |      8 |      0 |   1621 |   2 |  883.0 |
       Dungeon |   1766 |   1758 |      8 |      0 |   1621 |   2 |  883.0 |
               +--------+--------+--------+--------+--------+-----+--------+

Top non-repeatable levels by time:
     D:1: 1019 daAuts
     D:2: 747 daAuts
